Workbook

Sheet Análisis Datos
A1: ANÁLISIS DE NEGOCIO
F5: =CONCATENATE("Ventas totales ",G9) -> Ventas totales Marzo | O5: =CONCATENATE("Ventas acumuladas ") -> Ventas acumuladas
J7: Mes | K7: Marzo
G9: =K7 -> Marzo | H9: Acum | J9: =CONCATENATE(G9," ","18") -> Marzo 18 | K9: % | L9: Acum 18 | M9: % | O9: =CONCATENATE(G9," ","BG") -> Marzo BG | P9: % | Q9: Acum BG | R9: %
F10: Ingresos | G10: =VLOOKUP($F$10,'Cta Resultados'!P3:AB3,MATCH('Análisis Datos'!$G$9,'Cta Resultados'!P2:AB2,0),0) -> 11600 | H10: =SUMPRODUCT('Cta Resultados'!$Q$1:$AB$1,'Cta Resultados'!Q3:AB3) -> 32900 | J10: =VLOOKUP($F$10,'Cta Resultados'!A3:N3,MATCH('Análisis Datos'!$G$9,'Cta Resultados'!A2:N2,0),0) -> 10720.02 | K10: =G10/J10-1 -> 0.082087533 | L10: =SUMPRODUCT('Cta Resultados'!$Q$1:$AB$1,'Cta Resultados'!B3:M3) -> 27133.56 | M10: =H10/L10-1 -> 0.21252058 | O10: =VLOOKUP($F$10,'Cta Resultados'!AE3:AR3,MATCH('Análisis Datos'!$G$9,'Cta Resultados'!AE2:AR2,0),0) -> 11899.222 | P10: =IFERROR(G10/O10-1,"") -> -0.025146366 | Q10: =SUMPRODUCT('Cta Resultados'!$Q$1:$AB$1,'Cta Resultados'!AF3:AQ3) -> 31820.566 | R10: =IFERROR(H10/Q10-1,"") -> 0.03392252
F12: Coste personal | G12: =VLOOKUP($F$12,'Cta Resultados'!P8:AB8,MATCH('Análisis Datos'!$G$9,'Cta Resultados'!P2:AB2,0),0) -> 5794.74 | H12: =SUMPRODUCT('Cta Resultados'!$Q$1:$AB$1,'Cta Resultados'!Q8:AB8) -> 16518.46 | J12: =VLOOKUP($F$12,'Cta Resultados'!A8:N8,MATCH('Análisis Datos'!$G$9,'Cta Resultados'!A2:N2,0),0) -> 4693 | K12: =G12/J12-1 -> 0.23476241 | L12: =SUMPRODUCT('Cta Resultados'!$Q$1:$AB$1,'Cta Resultados'!B8:M8) -> 12382 | M12: =H12/L12-1 -> 0.33407042 | O12: =VLOOKUP($F$12,'Cta Resultados'!AE8:AR8,MATCH('Análisis Datos'!$G$9,'Cta Resultados'!AE2:AR2,0),0) -> 0 | P12: =IFERROR(G12/O12-1,"") | Q12: =SUMPRODUCT('Cta Resultados'!$Q$1:$AB$1,'Cta Resultados'!AF8:AQ8) -> 0 | R12: =IFERROR(H12/Q12-1,"")
F14: Gastos Indirectos | G14: =VLOOKUP($F$14,'Cta Resultados'!P11:AB11,MATCH('Análisis Datos'!$G$9,'Cta Resultados'!P2:AB2,0),0) -> 3130.7067 | H14: =SUMPRODUCT('Cta Resultados'!Q11:AB11,'Cta Resultados'!$Q$1:$AB$1) -> 7236.2 | J14: =VLOOKUP($F$14,'Cta Resultados'!A11:N11,MATCH('Análisis Datos'!$G$9,'Cta Resultados'!A2:N2,0),0) -> 1858.4167 | K14: =G14/J14-1 -> 0.68460966 | L14: =SUMPRODUCT('Cta Resultados'!B11:M11,'Cta Resultados'!$Q$1:$AB$1) -> 5667.25 | M14: =H14/L14-1 -> 0.27684503 | O14: =VLOOKUP($F$14,'Cta Resultados'!AE11:AR11,MATCH('Análisis Datos'!$G$9,'Cta Resultados'!AE2:AR2,0),0) -> 0 | P14: =IFERROR(G14/O14-1,"") | Q14: =SUMPRODUCT('Cta Resultados'!AF11:AQ11,'Cta Resultados'!$Q$1:$AB$1) -> 0 | R14: =IFERROR(H14/Q14-1,"")
F16: Resultado | G16: =VLOOKUP("Resultado Neto antes de I.S.",'Cta Resultados'!P30:AB30,MATCH('Análisis Datos'!$G$9,'Cta Resultados'!P2:AB2,0),0) -> 2674.5533 | H16: =SUMPRODUCT('Cta Resultados'!Q30:AB30,'Cta Resultados'!$Q$1:$AB$1) -> 5300.34 | J16: =VLOOKUP("Resultado Neto antes de I.S.",'Cta Resultados'!A30:N30,MATCH('Análisis Datos'!$G$9,'Cta Resultados'!A2:N2,0),0) -> 4168.6033 | K16: =G16/J16-1 -> -0.35840541 | L16: =SUMPRODUCT('Cta Resultados'!B30:M30,'Cta Resultados'!$Q$1:$AB$1) -> 5584.31 | M16: =H16/L16-1 -> -0.050851403 | O16: =VLOOKUP("Resultado Neto antes de I.S.",'Cta Resultados'!AE30:AR30,MATCH('Análisis Datos'!$G$9,'Cta Resultados'!AE2:AR2,0),0) -> 11899.222 | P16: =IFERROR(G16/O16-1,"") -> -0.77523293 | Q16: =SUMPRODUCT('Cta Resultados'!AF30:AQ30,'Cta Resultados'!$Q$1:$AB$1) -> 31820.566 | R16: =IFERROR(H16/Q16-1,"") -> -0.83343037

Sheet Cta Resultados
Q1: =IF('Análisis Datos'!$G$9="Enero",1,IF('Análisis Datos'!$G$9="Febrero",1,IF('Análisis Datos'!$G$9="Marzo",1,IF('Análisis Datos'!$G$9="Abril",1,IF('Análisis Datos'!$G$9="Mayo",1,IF('Análisis Datos'!$G$9="Junio",1,IF('Análisis Datos'!$G$9="Julio",1,IF('Análisis Datos'!$G$9="Agosto",1,IF('Análisis Datos'!$G$9="Septiembre",1,IF('Análisis Datos'!$G$9="Octubre",1,IF('Análisis Datos'!$G$9="Noviembre",1,IF('Análisis Datos'!$G$9="Diciembre",1,0)))))))))))) -> 1 | R1: =IF('Análisis Datos'!$G$9="Febrero",1,IF('Análisis Datos'!$G$9="Marzo",1,IF('Análisis Datos'!$G$9="Abril",1,IF('Análisis Datos'!$G$9="Mayo",1,IF('Análisis Datos'!$G$9="Junio",1,IF('Análisis Datos'!$G$9="Julio",1,IF('Análisis Datos'!$G$9="Agosto",1,IF('Análisis Datos'!$G$9="Septiembre",1,IF('Análisis Datos'!$G$9="Octubre",1,IF('Análisis Datos'!$G$9="Noviembre",1,IF('Análisis Datos'!$G$9="Diciembre",1,0))))))))))) -> 1 | S1: =IF('Análisis Datos'!$G$9="Marzo",1,IF('Análisis Datos'!$G$9="Abril",1,IF('Análisis Datos'!$G$9="Mayo",1,IF('Análisis Datos'!$G$9="Junio",1,IF('Análisis Datos'!$G$9="Julio",1,IF('Análisis Datos'!$G$9="Agosto",1,IF('Análisis Datos'!$G$9="Septiembre",1,IF('Análisis Datos'!$G$9="Octubre",1,IF('Análisis Datos'!$G$9="Noviembre",1,IF('Análisis Datos'!$G$9="Diciembre",1,0)))))))))) -> 1 | T1: =IF('Análisis Datos'!$G$9="Abril",1,IF('Análisis Datos'!$G$9="Mayo",1,IF('Análisis Datos'!$G$9="Junio",1,IF('Análisis Datos'!$G$9="Julio",1,IF('Análisis Datos'!$G$9="Agosto",1,IF('Análisis Datos'!$G$9="Septiembre",1,IF('Análisis Datos'!$G$9="Octubre",1,IF('Análisis Datos'!$G$9="Noviembre",1,IF('Análisis Datos'!$G$9="Diciembre",1,0))))))))) -> 0 | U1: =IF('Análisis Datos'!$G$9="Mayo",1,IF('Análisis Datos'!$G$9="Junio",1,IF('Análisis Datos'!$G$9="Julio",1,IF('Análisis Datos'!$G$9="Agosto",1,IF('Análisis Datos'!$G$9="Septiembre",1,IF('Análisis Datos'!$G$9="Octubre",1,IF('Análisis Datos'!$G$9="Noviembre",1,IF('Análisis Datos'!$G$9="Diciembre",1,0)))))))) -> 0 | V1: =IF('Análisis Datos'!$G$9="Junio",1,IF('Análisis Datos'!$G$9="Julio",1,IF('Análisis Datos'!$G$9="Agosto",1,IF('Análisis Datos'!$G$9="Septiembre",1,IF('Análisis Datos'!$G$9="Octubre",1,IF('Análisis Datos'!$G$9="Noviembre",1,IF('Análisis Datos'!$G$9="Diciembre",1,0))))))) -> 0 | W1: =IF('Análisis Datos'!$G$9="Julio",1,IF('Análisis Datos'!$G$9="Agosto",1,IF('Análisis Datos'!$G$9="Septiembre",1,IF('Análisis Datos'!$G$9="Octubre",1,IF('Análisis Datos'!$G$9="Noviembre",1,IF('Análisis Datos'!$G$9="Diciembre",1,0)))))) -> 0 | X1: =IF('Análisis Datos'!$G$9="Agosto",1,IF('Análisis Datos'!$G$9="Septiembre",1,IF('Análisis Datos'!$G$9="Octubre",1,IF('Análisis Datos'!$G$9="Noviembre",1,IF('Análisis Datos'!$G$9="Diciembre",1,0))))) -> 0 | Y1: =IF('Análisis Datos'!$G$9="Septiembre",1,IF('Análisis Datos'!$G$9="Octubre",1,IF('Análisis Datos'!$G$9="Noviembre",1,IF('Análisis Datos'!$G$9="Diciembre",1,0)))) -> 0 | Z1: =IF('Análisis Datos'!$G$9="Octubre",1,IF('Análisis Datos'!$G$9="Noviembre",1,IF('Análisis Datos'!$G$9="Diciembre",1,0))) -> 0 | AA1: =IF('Análisis Datos'!$G$9="Noviembre",1,IF('Análisis Datos'!$G$9="Diciembre",1,0)) -> 0 | AB1: =IF('Análisis Datos'!$G$9="Noviembre",1,IF('Análisis Datos'!$G$9="Diciembre",1,0)) -> 0 | AT1: Ingresos
A2: 2018 | B2: Enero | C2: Febrero | D2: Marzo | E2: Abril | F2: Mayo | G2: Junio | H2: Julio | I2: Agosto | J2: Septiembre | K2: Octubre | L2: Noviembre | M2: Diciembre | N2: Total | P2: 2019 | Q2: Enero | R2: Febrero | S2: Marzo | T2: Abril | U2: Mayo | V2: Junio | W2: Julio | X2: Agosto | Y2: Septiembre | Z2: Octubre | AA2: Noviembre | AB2: Diciembre | AC2: Total | AE2: 2020 Budget | AF2: Enero | AG2: Febrero | AH2: Marzo | AI2: Abril | AJ2: Mayo | AK2: Junio | AL2: Julio | AM2: Agosto | AN2: Septiembre | AO2: Octubre | AP2: Noviembre | AQ2: Diciembre | AR2: Total | AT2: Inferior | AU2: Superior
A3: Ingresos | B3: =Facturación!AK4+B4 -> 9222.78 | C3: =Facturación!AM4+C4 -> 7190.76 | D3: =Facturación!AO4+D4 -> 10720.02 | E3: =Facturación!AQ4+E4 -> 9953.1 | F3: =Facturación!AS4+F4 -> 9843.92 | G3: =Facturación!AU4+G4 -> 10254.66 | H3: =Facturación!AW4+H4 -> 9242.8 | I3: =Facturación!AY4+I4 -> 9222.6 | J3: =Facturación!BA4+J4 -> 9587.32 | K3: =Facturación!BC4+K4 -> 8947.08 | L3: =Facturación!BE4+L4 -> 9921.86 | M3: =Facturación!BG4+M4 -> 10039.24 | N3: =SUM(B3:M3) -> 114146.14 | P3: Ingresos | Q3: =Facturación!BI4+Q4 -> 10500 | R3: =Facturación!BK4+R4 -> 10800 | S3: =Facturación!BM4+S4 -> 11600 | T3: =Facturación!BO4+T4 -> 11400 | U3: =Facturación!BQ4+U4 -> 0 | V3: =Facturación!BS4+V4 -> 0 | W3: =Facturación!BU4+W4 -> 0 | X3: =Facturación!BW4+X4 -> 0 | Y3: =Facturación!BY4+Y4 -> 0 | Z3: =Facturación!CA4+Z4 -> 0 | AA3: =Facturación!CC4+AA4 -> 0 | AB3: =Facturación!CE4+AB4 -> 0 | AC3: =SUM(Q3:AB3) -> 44300 | AE3: Ingresos | AF3: =((RANDBETWEEN($AT$3,$AU$3)*B3)/100)+B3+AF4 -> 11436.247 | AG3: =((RANDBETWEEN($AT$3,$AU$3)*C3)/100)+C3+AG4 -> 8485.0968 | AH3: =((RANDBETWEEN($AT$3,$AU$3)*D3)/100)+D3+AH4 -> 11899.222 | AI3: =((RANDBETWEEN($AT$3,$AU$3)*E3)/100)+E3+AI4 -> 12242.313 | AJ3: =((RANDBETWEEN($AT$3,$AU$3)*F3)/100)+F3+AJ4 -> 11320.508 | AK3: =((RANDBETWEEN($AT$3,$AU$3)*G3)/100)+G3+AK4 -> 11485.219 | AL3: =((RANDBETWEEN($AT$3,$AU$3)*H3)/100)+H3+AL4 -> 9982.224 | AM3: =((RANDBETWEEN($AT$3,$AU$3)*I3)/100)+I3+AM4 -> 9960.408 | ... AQ3: =((RANDBETWEEN($AT$3,$AU$3)*M3)/100)+M3+AQ4 -> 11444.734 | AR3: =SUM(AF3:AQ3) -> 132840.8 | AT3: 8 | AU3: 25
A4: Subvenciones | N4: =SUM(B4:M4) -> 0 | AC4: =SUM(Q4:AB4) -> 0 | AR4: =SUM(AF4:AQ4) -> 0
A6: Compras | B6: =Gastos!C14+Gastos!C15+Gastos!C16 -> 728 | C6: =Gastos!D14+Gastos!D15+Gastos!D16 -> 46 | D6: =Gastos!E14+Gastos!E15+Gastos!E16 -> 621 | E6: =Gastos!F14+Gastos!F15+Gastos!F16 -> 986 | F6: =Gastos!G14+Gastos!G15+Gastos!G16 -> 676 | G6: =Gastos!H14+Gastos!H15+Gastos!H16 -> 562 | H6: =Gastos!I14+Gastos!I15+Gastos!I16 -> 388 | I6: =Gastos!J14+Gastos!J15+Gastos!J16 -> 46 | ... M6: =Gastos!N14+Gastos!N15+Gastos!N16 -> 793 | N6: =SUM(B6:M6) -> 6582 | P6: Compras | Q6: =Gastos!Q14+Gastos!Q15+Gastos!Q16 -> 552 | R6: =Gastos!R14+Gastos!R15+Gastos!R16 -> 1543 | S6: =Gastos!S14+Gastos!S15+Gastos!S16 -> 616 | T6: =Gastos!T14+Gastos!T15+Gastos!T16 -> 496 | U6: =Gastos!U14+Gastos!U15+Gastos!U16 -> 0 | V6: =Gastos!V14+Gastos!V15+Gastos!V16 -> 0 | W6: =Gastos!W14+Gastos!W15+Gastos!W16 -> 0 | X6: =Gastos!X14+Gastos!X15+Gastos!X16 -> 0 | ... AB6: =Gastos!AB14+Gastos!AB15+Gastos!AB16 -> 0 | AC6: =SUM(Q6:AB6) -> 3207 | AE6: Compras | AR6: =SUM(AF6:AQ6) -> 0 | AT6: Gastos
A7: Margen Bruto | B7: =B6/B3 -> 0.078934985 | C7: =C6/C3 -> 0.0063970985 | D7: =D6/D3 -> 0.057928996 | E7: =E6/E3 -> 0.099064613 | F7: =F6/F3 -> 0.06867183 | G7: =G6/G3 -> 0.054804352 | H7: =H6/H3 -> 0.041978621 | I7: =I6/I3 -> 0.0049877475 | ... N7: =N6/N3 -> 0.057662922 | P7: Margen bruto | Q7: =Q6/Q3 -> 0.052571429 | R7: =R6/R3 -> 0.14287037 | S7: =S6/S3 -> 0.053103448 | T7: =T6/T3 -> 0.043508772 | U7: =U6/U3 -> #DIV/0! | V7: =V6/V3 -> #DIV/0! | W7: =W6/W3 -> #DIV/0! | X7: =X6/X3 -> #DIV/0! | ... AB7: =AB6/AB3 -> #DIV/0! | AT7: Inferior | AU7: Superior
A8: Coste Personal | B8: =Gastos!C8+Gastos!C9 -> 3771 | C8: =Gastos!D8+Gastos!D9 -> 3918 | D8: =Gastos!E8+Gastos!E9 -> 4693 | E8: =Gastos!F8+Gastos!F9 -> 5028 | F8: =Gastos!G8+Gastos!G9 -> 5181 | G8: =Gastos!H8+Gastos!H9 -> 5184 | H8: =Gastos!I8+Gastos!I9 -> 5183 | I8: =Gastos!J8+Gastos!J9 -> 5500 | ... M8: =Gastos!N8+Gastos!N9 -> 5680 | N8: =SUM(B8:M8) -> 60774 | P8: Coste Personal | Q8: =Gastos!Q8+Gastos!Q9 -> 5305.72 | R8: =Gastos!R8+Gastos!R9 -> 5418 | S8: =Gastos!S8+Gastos!S9 -> 5794.74 | T8: =Gastos!T8+Gastos!T9 -> 5950 | U8: =Gastos!U8+Gastos!U9 -> 0 | V8: =Gastos!V8+Gastos!V9 -> 0 | W8: =Gastos!W8+Gastos!W9 -> 0 | X8: =Gastos!X8+Gastos!X9 -> 0 | ... AB8: =Gastos!AB8+Gastos!AB9 -> 0 | AC8: =SUM(Q8:AB8) -> 22468.46 | AE8: Coste Personal | AR8: =SUM(AF8:AQ8) -> 0 | AT8: 5 | AU8: 12
A9: Ratio Personal | B9: 0.57176902 | C9: 0.57026156 | D9: 0.42634004 | E9: 0.4025718 | F9: 0.54504785 | G9: 0.73199382 | H9: 0.3905631 | I9: 1.3071513 | J9: 0.72495023 | K9: 1.0453822 | L9: 0.69549894 | M9: 0.49951565 | N9: 0.57934111 | P9: Ratio Personal | Q9: =Q8/Q3 -> 0.50530667 | R9: =R8/R3 -> 0.50166667 | S9: =S8/S3 -> 0.49954655 | T9: =T8/T3 -> 0.52192982 | U9: =U8/U3 -> #DIV/0! | V9: =V8/V3 -> #DIV/0! | W9: =W8/W3 -> #DIV/0! | X9: =X8/X3 -> #DIV/0! | ... AC9: =AC8/AC3 -> 0.50718871 | AE9: Ratio Personal | AF9: =AF8/AF3 -> 0 | AG9: =AG8/AG3 -> 0 | AH9: =AH8/AH3 -> 0 | AI9: =AI8/AI3 -> 0 | AJ9: =AJ8/AJ3 -> 0 | AK9: =AK8/AK3 -> 0 | AL9: =AL8/AL3 -> 0 | AM9: =AM8/AM3 -> 0 | ... AR9: =AR8/AR3 -> 0
A11: Gastos Indirectos | B11: =SUM(B12:B19) -> 1965.4167 | C11: =SUM(C12:C19) -> 1843.4167 | D11: =SUM(D12:D19) -> 1858.4167 | E11: =SUM(E12:E19) -> 1925.4167 | F11: =SUM(F12:F19) -> 1928.4167 | G11: =SUM(G12:G19) -> 1842.4167 | H11: =SUM(H12:H19) -> 3101.4167 | I11: =SUM(I12:I19) -> 1856.4167 | ... M11: =SUM(M12:M19) -> 2047.4167 | N11: =SUM(B11:M11) -> 24063 | P11: Gastos Indirectos | Q11: =SUM(Q12:Q19) -> 2114.1567 | R11: =SUM(R12:R19) -> 1991.3367 | S11: =SUM(S12:S19) -> 3130.7067 | T11: =SUM(T12:T19) -> 2589.1967 | U11: =SUM(U12:U19) -> 0 | V11: =SUM(V12:V19) -> 0 | W11: =SUM(W12:W19) -> 0 | X11: =SUM(X12:X19) -> 0 | ... AB11: =SUM(AB12:AB19) -> 0 | AC11: =SUM(Q11:AB11) -> 9825.3967 | AE11: Gastos Indirectos | AF11: =SUM(AF12:AF19) -> 0 | AG11: =SUM(AG12:AG19) -> 0 | AH11: =SUM(AH12:AH19) -> 0 | AI11: =SUM(AI12:AI19) -> 0 | AJ11: =SUM(AJ12:AJ19) -> 0 | AK11: =SUM(AK12:AK19) -> 0 | AL11: =SUM(AL12:AL19) -> 0 | AM11: =SUM(AM12:AM19) -> 0 | ... AQ11: =SUM(AQ12:AQ19) -> 0 | AR11: =SUM(AF11:AQ11) -> 0
A12: Alquiler | B12: =Gastos!C3 -> 664 | C12: =Gastos!D3 -> 664 | D12: =Gastos!E3 -> 664 | E12: =Gastos!F3 -> 664 | F12: =Gastos!G3 -> 664 | G12: =Gastos!H3 -> 664 | H12: =Gastos!I3 -> 664 | I12: =Gastos!J3 -> 664 | ... M12: =Gastos!N3 -> 664 | N12: =SUM(B12:M12) -> 7968 | P12: Alquiler | Q12: =Gastos!Q3 -> 678.34 | R12: =Gastos!R3 -> 678.34 | S12: =Gastos!S3 -> 678.34 | T12: =Gastos!T3 -> 678.34 | U12: =Gastos!U3 -> 0 | V12: =Gastos!V3 -> 0 | W12: =Gastos!W3 -> 0 | X12: =Gastos!X3 -> 0 | ... AB12: =Gastos!AB3 -> 0 | AC12: =SUM(Q12:AB12) -> 2713.36 | AE12: Alquiler | AR12: =SUM(AF12:AQ12) -> 0
A13: Suministro | B13: =Gastos!C11+Gastos!C12+Gastos!C13 -> 243 | C13: =Gastos!D11+Gastos!D12+Gastos!D13 -> 121 | D13: =Gastos!E11+Gastos!E12+Gastos!E13 -> 136 | E13: =Gastos!F11+Gastos!F12+Gastos!F13 -> 203 | F13: =Gastos!G11+Gastos!G12+Gastos!G13 -> 147 | G13: =Gastos!H11+Gastos!H12+Gastos!H13 -> 120 | H13: =Gastos!I11+Gastos!I12+Gastos!I13 -> 220 | I13: =Gastos!J11+Gastos!J12+Gastos!J13 -> 134 | ... M13: =Gastos!N11+Gastos!N12+Gastos!N13 -> 153 | N13: =SUM(B13:M13) -> 2004 | P13: Suministro | Q13: =Gastos!Q11+Gastos!Q12+Gastos!Q13 -> 365.93 | R13: =Gastos!R11+Gastos!R12+Gastos!R13 -> 243.11 | S13: =Gastos!S11+Gastos!S12+Gastos!S13 -> 182.48 | T13: =Gastos!T11+Gastos!T12+Gastos!T13 -> 279.85 | U13: =Gastos!U11+Gastos!U12+Gastos!U13 -> 0 | V13: =Gastos!V11+Gastos!V12+Gastos!V13 -> 0 | W13: =Gastos!W11+Gastos!W12+Gastos!W13 -> 0 | X13: =Gastos!X11+Gastos!X12+Gastos!X13 -> 0 | ... AB13: =Gastos!AB11+Gastos!AB12+Gastos!AB13 -> 0 | AC13: =SUM(Q13:AB13) -> 1071.37 | AE13: Suministro | AR13: =SUM(AF13:AQ13) -> 0
A14: Servicios Profesionales | B14: =Gastos!C17+Gastos!C10 -> 503 | C14: =Gastos!D17+Gastos!D10 -> 503 | D14: =Gastos!E17+Gastos!E10 -> 503 | E14: =Gastos!F17+Gastos!F10 -> 503 | F14: =Gastos!G17+Gastos!G10 -> 503 | G14: =Gastos!H17+Gastos!H10 -> 503 | H14: =Gastos!I17+Gastos!I10 -> 503 | I14: =Gastos!J17+Gastos!J10 -> 503 | ... M14: =Gastos!N17+Gastos!N10 -> 503 | N14: =SUM(B14:M14) -> 6036 | P14: Servicios Profesionales | Q14: =Gastos!Q10+Gastos!Q17 -> 514.22 | R14: =Gastos!R10+Gastos!R17 -> 514.22 | S14: =Gastos!S10+Gastos!S17 -> 514.22 | T14: =Gastos!T10+Gastos!T17 -> 514.22 | U14: =Gastos!U10+Gastos!U17 -> 0 | V14: =Gastos!V10+Gastos!V17 -> 0 | W14: =Gastos!W10+Gastos!W17 -> 0 | X14: =Gastos!X10+Gastos!X17 -> 0 | ... AB14: =Gastos!AB10+Gastos!AB17 -> 0 | AC14: =SUM(Q14:AB14) -> 2056.88 | AE14: Servicios Profesionales | AR14: =SUM(AF14:AQ14) -> 0
A15: Renting | B15: =Gastos!C6 -> 0 | C15: =Gastos!D6 -> 0 | D15: =Gastos!E6 -> 0 | E15: =Gastos!F6 -> 0 | F15: =Gastos!G6 -> 0 | G15: =Gastos!H6 -> 0 | H15: =Gastos!I6 -> 0 | I15: =Gastos!J6 -> 0 | ... M15: =Gastos!N6 -> 0 | N15: =SUM(B15:M15) -> 0 | P15: Renting | Q15: =Gastos!Q6 -> 0 | R15: =Gastos!R6 -> 0 | S15: =Gastos!S6 -> 1200 | T15: =Gastos!T6 -> 561.12 | U15: =Gastos!U6 -> 0 | V15: =Gastos!V6 -> 0 | W15: =Gastos!W6 -> 0 | X15: =Gastos!X6 -> 0 | ... AB15: =Gastos!AB6 -> 0 | AC15: =SUM(Q15:AB15) -> 1761.12 | AE15: Mantenimiento | AR15: =SUM(AF15:AQ15) -> 0
A16: Varios | B16: =Gastos!C7 -> 363 | C16: =Gastos!D7 -> 363 | D16: =Gastos!E7 -> 363 | E16: =Gastos!F7 -> 363 | F16: =Gastos!G7 -> 363 | G16: =Gastos!H7 -> 363 | H16: =Gastos!I7 -> 363 | I16: =Gastos!J7 -> 363 | ... M16: =Gastos!N7 -> 363 | N16: =SUM(B16:M16) -> 4356 | P16: Varios | Q16: =Gastos!Q7 -> 363 | R16: =Gastos!R7 -> 363 | S16: =Gastos!S7 -> 363 | T16: =Gastos!T7 -> 363 | U16: =Gastos!U7 -> 0 | V16: =Gastos!V7 -> 0 | W16: =Gastos!W7 -> 0 | X16: =Gastos!X7 -> 0 | ... AB16: =Gastos!AB7 -> 0 | AC16: =SUM(Q16:AB16) -> 1452 | AE16: Colaborador Jurídico | AR16: =SUM(AF16:AQ16) -> 0
A17: Publicidad, RRSS, WEB | B17: =Gastos!C4 -> 121 | C17: =Gastos!D4 -> 121 | D17: =Gastos!E4 -> 121 | E17: =Gastos!F4 -> 121 | F17: =Gastos!G4 -> 180 | G17: =Gastos!H4 -> 121 | H17: =Gastos!I4 -> 121 | I17: =Gastos!J4 -> 121 | ... M17: =Gastos!N4 -> 121 | N17: =SUM(B17:M17) -> 1511 | P17: Publicidad, RRSS, WEB | Q17: =Gastos!Q4 -> 121 | R17: =Gastos!R4 -> 121 | S17: =Gastos!S4 -> 121 | T17: =Gastos!T4 -> 121 | U17: =Gastos!U4 -> 0 | V17: =Gastos!V4 -> 0 | W17: =Gastos!W4 -> 0 | X17: =Gastos!X4 -> 0 | ... AB17: =Gastos!AB4 -> 0 | AC17: =SUM(Q17:AB17) -> 484 | AE17: Publicidad, RRSS, WEB | AR17: =SUM(AF17:AQ17) -> 0
A18: Seguros | B18: =Gastos!C18+Gastos!C19+Gastos!C20 -> 71.416667 | C18: =Gastos!D18+Gastos!D19+Gastos!D20 -> 71.416667 | D18: =Gastos!E18+Gastos!E19+Gastos!E20 -> 71.416667 | E18: =Gastos!F18+Gastos!F19+Gastos!F20 -> 71.416667 | F18: =Gastos!G18+Gastos!G19+Gastos!G20 -> 71.416667 | G18: =Gastos!H18+Gastos!H19+Gastos!H20 -> 71.416667 | H18: =Gastos!I18+Gastos!I19+Gastos!I20 -> 71.416667 | I18: =Gastos!J18+Gastos!J19+Gastos!J20 -> 71.416667 | ... M18: =Gastos!N18+Gastos!N19+Gastos!N20 -> 71.416667 | N18: =SUM(B18:M18) -> 857 | P18: Seguros | Q18: =Gastos!Q18+Gastos!Q19+Gastos!Q20 -> 71.666667 | R18: =Gastos!R18+Gastos!R19+Gastos!R20 -> 71.666667 | S18: =Gastos!S18+Gastos!S19+Gastos!S20 -> 71.666667 | T18: =Gastos!T18+Gastos!T19+Gastos!T20 -> 71.666667 | U18: =Gastos!U18+Gastos!U19+Gastos!U20 -> 0 | V18: =Gastos!V18+Gastos!V19+Gastos!V20 -> 0 | W18: =Gastos!W18+Gastos!W19+Gastos!W20 -> 0 | X18: =Gastos!X18+Gastos!X19+Gastos!X20 -> 0 | ... AB18: =Gastos!AB18+Gastos!AB19+Gastos!AB20 -> 0 | AC18: =SUM(Q18:AB18) -> 286.66667 | AE18: Seguros | AR18: =SUM(AF18:AQ18) -> 0
A19: Varios | B19: =Gastos!C22 -> 0 | C19: =Gastos!D22 -> 0 | D19: =Gastos!E22 -> 0 | E19: =Gastos!F22 -> 0 | F19: =Gastos!G22 -> 0 | G19: =Gastos!H22 -> 0 | H19: =Gastos!I22 -> 1159 | I19: =Gastos!J22 -> 0 | ... M19: =Gastos!N22 -> 172 | N19: =SUM(B19:M19) -> 1331 | P19: Varios | Q19: =Gastos!Q22 -> 0 | R19: =Gastos!R22 -> 0 | S19: =Gastos!S22 -> 0 | T19: =Gastos!T22 -> 0 | U19: =Gastos!U22 -> 0 | V19: =Gastos!V22 -> 0 | W19: =Gastos!W22 -> 0 | X19: =Gastos!X22 -> 0 | ... AB19: =Gastos!AB22 -> 0 | AC19: =SUM(Q19:AB19) -> 0 | AE19: Varios | AR19: =SUM(AF19:AQ19) -> 0
A20: Ratio gastos Indirectos | B20: 0.42717939 | C20: 0.42720797 | D20: 0.3038 | E20: 0.27020818 | F20: 0.49466079 | G20: 0.73485427 | H20: 0.25768746 | I20: 0.66040713 | J20: 0.42116022 | K20: 0.54174809 | L20: 0.51419074 | M20: 0.60487226 | P20: Ratio gastos Indirectos | Q20: =Q11/Q3 -> 0.20134825 | R20: =R11/R3 -> 0.18438302 | S20: =S11/S3 -> 0.26988851 | T20: =T11/T3 -> 0.22712251 | U20: =U11/U3 -> #DIV/0! | V20: =V11/V3 -> #DIV/0! | W20: =W11/W3 -> #DIV/0! | X20: =X11/X3 -> #DIV/0! | ... AB20: =AB11/AB3 -> #DIV/0! | AE20: Ratio gastos Indirectos | AF20: =AF11/AF3 -> 0 | AG20: =AG11/AG3 -> 0 | AH20: =AH11/AH3 -> 0 | AI20: =AI11/AI3 -> 0 | AJ20: =AJ11/AJ3 -> 0 | AK20: =AK11/AK3 -> 0 | AL20: =AL11/AL3 -> 0 | AM20: =AM11/AM3 -> 0 | ... AQ20: =AQ11/AQ3 -> 0
A22: Total Gastos | B22: =B8+B11+B6 -> 6464.4167 | C22: =C8+C11+C6 -> 5807.4167 | D22: =D8+D11+D6 -> 7172.4167 | E22: =E8+E11+E6 -> 7939.4167 | F22: =F8+F11+F6 -> 7785.4167 | G22: =G8+G11+G6 -> 7588.4167 | H22: =H8+H11+H6 -> 8672.4167 | I22: =I8+I11+I6 -> 7402.4167 | ... M22: =M8+M11+M6 -> 8520.4167 | N22: =SUM(B22:M22) -> 91419 | P22: Total Gastos | Q22: =Q8+Q11+Q6 -> 7971.8767 | R22: =R8+R11+R6 -> 8952.3367 | S22: =S8+S11+S6 -> 9541.4467 | T22: =T8+T11+T6 -> 9035.1967 | U22: =U8+U11+U6 -> 0 | V22: =V8+V11+V6 -> 0 | W22: =W8+W11+W6 -> 0 | X22: =X8+X11+X6 -> 0 | ... AB22: =AB8+AB11+AB6 -> 0 | AC22: =SUM(Q22:AB22) -> 35500.857 | AE22: Total Gastos | AF22: =AF8+AF11+AF6 -> 0 | AG22: =AG8+AG11+AG6 -> 0 | AH22: =AH8+AH11+AH6 -> 0 | AI22: =AI8+AI11+AI6 -> 0 | AJ22: =AJ8+AJ11+AJ6 -> 0 | AK22: =AK8+AK11+AK6 -> 0 | AL22: =AL8+AL11+AL6 -> 0 | AM22: =AM8+AM11+AM6 -> 0 | ... AQ22: =AQ8+AQ11+AQ6 -> 0 | AR22: =SUM(AF22:AQ22) -> 0
A23: Resultado Operativo | B23: =B3-B8-B11 -> 3486.3633 | C23: =C3-C8-C11 -> 1429.3433 | D23: =D3-D8-D11 -> 4168.6033 | E23: =E3-E8-E11 -> 2999.6833 | F23: =F3-F8-F11 -> 2734.5033 | G23: =G3-G8-G11 -> 3228.2433 | H23: =H3-H8-H11 -> 958.38333 | I23: =I3-I8-I11 -> 1866.1833 | ... M23: =M3-M8-M11 -> 2311.8233 | N23: =SUM(B23:M23) -> 29309.14 | P23: Resultado Operativo | Q23: =Q3-Q8-Q11 -> 3080.1233 | R23: =R3-R8-R11 -> 3390.6633 | S23: =S3-S8-S11 -> 2674.5533 | T23: =T3-T8-T11 -> 2860.8033 | U23: =U3-U8-U11 -> 0 | V23: =V3-V8-V11 -> 0 | W23: =W3-W8-W11 -> 0 | X23: =X3-X8-X11 -> 0 | ... AB23: =AB3-AB8-AB11 -> 0 | AC23: =SUM(Q23:AB23) -> 12006.143 | AE23: Resultado Operativo | AF23: =AF3-AF8-AF11 -> 11436.247 | AG23: =AG3-AG8-AG11 -> 8485.0968 | AH23: =AH3-AH8-AH11 -> 11899.222 | AI23: =AI3-AI8-AI11 -> 12242.313 | AJ23: =AJ3-AJ8-AJ11 -> 11320.508 | AK23: =AK3-AK8-AK11 -> 11485.219 | AL23: =AL3-AL8-AL11 -> 9982.224 | AM23: =AM3-AM8-AM11 -> 9960.408 | ... AQ23: =AQ3-AQ8-AQ11 -> 11444.734 | AR23: =SUM(AF23:AQ23) -> 132840.8
B24: =B23/B3 -> 0.37801653 | C24: =C23/C3 -> 0.198775 | D24: =D23/D3 -> 0.38886153 | E24: =E23/E3 -> 0.30138181 | F24: =F23/F3 -> 0.27778602 | G24: =G23/G3 -> 0.31480745 | H24: =H23/H3 -> 0.10368972 | I24: =I23/I3 -> 0.20234894 | ... M24: =M23/M3 -> 0.23027872 | Q24: =Q23/Q3 -> 0.29334508 | R24: =R23/R3 -> 0.31395031 | S24: =S23/S3 -> 0.23056494 | T24: =T23/T3 -> 0.25094766 | U24: =U23/U3 -> #DIV/0! | V24: =V23/V3 -> #DIV/0! | W24: =W23/W3 -> #DIV/0! | X24: =X23/X3 -> #DIV/0! | ... AB24: =AB23/AB3 -> #DIV/0! | AF24: =AF23/AF3 -> 1 | AG24: =AG23/AG3 -> 1 | AH24: =AH23/AH3 -> 1 | AI24: =AI23/AI3 -> 1 | AJ24: =AJ23/AJ3 -> 1 | AK24: =AK23/AK3 -> 1 | AL24: =AL23/AL3 -> 1 | AM24: =AM23/AM3 -> 1 | ... AQ24: =AQ23/AQ3 -> 1
A26: Amortizaciones | N26: =SUM(B26:M26) -> 0 | P26: Amortizaciones | AC26: =SUM(Q26:AB26) -> 0 | AE26: Amortizaciones | AR26: =SUM(AF26:AQ26) -> 0
A27: Impuestos trimestrales | B27: =Gastos!C21 -> 3500 | C27: =Gastos!D21 -> 0 | D27: =Gastos!E21 -> 0 | E27: =Gastos!F21 -> 3770 | F27: =Gastos!G21 -> 0 | G27: =Gastos!H21 -> 0 | H27: =Gastos!I21 -> 4100 | I27: =Gastos!J21 -> 0 | ... M27: =Gastos!N21 -> 0 | N27: =SUM(B27:M27) -> 14970 | P27: Impuestos trimestrales | Q27: =Gastos!Q21 -> 3845 | R27: =Gastos!R21 -> 0 | S27: =Gastos!S21 -> 0 | T27: =Gastos!T21 -> 3800 | U27: =Gastos!U21 -> 0 | V27: =Gastos!V21 -> 1360 | W27: =Gastos!W21 -> 0 | X27: =Gastos!X21 -> 0 | ... AB27: =Gastos!AB21 -> 1360 | AC27: =SUM(Q27:AB27) -> 11725 | AE27: Impuestos trimestrales | AR27: =SUM(AF27:AQ27) -> 0
A28: Resultado de Explotación | B28: =B23-B26-B27 -> -13.636667 | C28: =C23-C26-C27 -> 1429.3433 | D28: =D23-D26-D27 -> 4168.6033 | E28: =E23-E26-E27 -> -770.31667 | F28: =F23-F26-F27 -> 2734.5033 | G28: =G23-G26-G27 -> 3228.2433 | H28: =H23-H26-H27 -> -3141.6167 | I28: =I23-I26-I27 -> 1866.1833 | ... M28: =M23-M26-M27 -> 2311.8233 | N28: =SUM(B28:M28) -> 14339.14 | P28: Resultado de Explotación | Q28: =Q23-Q26-Q27 -> -764.87667 | R28: =R23-R26-R27 -> 3390.6633 | S28: =S23-S26-S27 -> 2674.5533 | T28: =T23-T26-T27 -> -939.19667 | U28: =U23-U26-U27 -> 0 | V28: =V23-V26-V27 -> -1360 | W28: =W23-W26-W27 -> 0 | X28: =X23-X26-X27 -> 0 | ... AB28: =AB23-AB26-AB27 -> -1360 | AC28: =SUM(Q28:AB28) -> 281.14333 | AE28: Resultado de Explotación | AF28: =AF23-AF26-AF27 -> 11436.247 | AG28: =AG23-AG26-AG27 -> 8485.0968 | AH28: =AH23-AH26-AH27 -> 11899.222 | AI28: =AI23-AI26-AI27 -> 12242.313 | AJ28: =AJ23-AJ26-AJ27 -> 11320.508 | AK28: =AK23-AK26-AK27 -> 11485.219 | AL28: =AL23-AL26-AL27 -> 9982.224 | AM28: =AM23-AM26-AM27 -> 9960.408 | ... AQ28: =AQ23-AQ26-AQ27 -> 11444.734 | AR28: =SUM(AF28:AQ28) -> 132840.8
A30: Resultado Neto antes de I.S. | B30: =B28 -> -13.636667 | C30: =C28 -> 1429.3433 | D30: =D28 -> 4168.6033 | E30: =E28 -> -770.31667 | F30: =F28 -> 2734.5033 | G30: =G28 -> 3228.2433 | H30: =H28 -> -3141.6167 | I30: =I28 -> 1866.1833 | ... M30: =M28 -> 2311.8233 | N30: =SUM(B30:M30) -> 14339.14 | P30: Resultado Neto antes de I.S. | Q30: =Q28 -> -764.87667 | R30: =R28 -> 3390.6633 | S30: =S28 -> 2674.5533 | T30: =T28 -> -939.19667 | U30: =U28 -> 0 | V30: =V28 -> -1360 | W30: =W28 -> 0 | X30: =X28 -> 0 | ... AB30: =AB28 -> -1360 | AC30: =SUM(Q30:AB30) -> 281.14333 | AE30: Resultado Neto antes de I.S. | AF30: =AF28 -> 11436.247 | AG30: =AG28 -> 8485.0968 | AH30: =AH28 -> 11899.222 | AI30: =AI28 -> 12242.313 | AJ30: =AJ28 -> 11320.508 | AK30: =AK28 -> 11485.219 | AL30: =AL28 -> 9982.224 | AM30: =AM28 -> 9960.408 | ... AQ30: =AQ28 -> 11444.734 | AR30: =SUM(AF30:AQ30) -> 132840.8
B31: =B30/B3 -> -0.0014785853 | C31: =C30/C3 -> 0.198775 | D31: =D30/D3 -> 0.38886153 | E31: =E30/E3 -> -0.077394648 | F31: =F30/F3 -> 0.27778602 | G31: =G30/G3 -> 0.31480745 | H31: =H30/H3 -> -0.3398988 | I31: =I30/I3 -> 0.20234894 | ... N31: =N30/N3 -> 0.12562089 | Q31: =Q30/Q3 -> -0.072845397 | R31: =R30/R3 -> 0.31395031 | S31: =S30/S3 -> 0.23056494 | T31: =T30/T3 -> -0.082385673 | U31: =U30/U3 -> #DIV/0! | V31: =V30/V3 -> #DIV/0! | W31: =W30/W3 -> #DIV/0! | X31: =X30/X3 -> #DIV/0! | ... AC31: =AC30/AC3 -> 0.0063463506 | AF31: =AF30/AF3 -> 1 | AG31: =AG30/AG3 -> 1 | AH31: =AH30/AH3 -> 1 | AI31: =AI30/AI3 -> 1 | AJ31: =AJ30/AJ3 -> 1 | AK31: =AK30/AK3 -> 1 | AL31: =AL30/AL3 -> 1 | AM31: =AM30/AM3 -> 1 | ... AR31: =AR30/AR3 -> 1

Sheet Facturación
B1: Total
B2: agosto 2016 | D2: septiembre 2016 | F2: octubre 2016 | H2: noviembre 2016 | J2: diciembre 2016 | L2: enero 2017 | N2: febrero 2017 | P2: marzo 2017 | R2: abril 2017 | T2: mayo 2017 | V2: junio 2017 | X2: julio 2017 | Z2: agosto 2017 | AB2: septiembre 2017 | AD2: octubre 2017 | AF2: noviembre 2017 | AH2: diciembre 2017 | AJ2: enero 2018 | AL2: febrero 2018 | AN2: marzo 2018 | AP2: abril 2018 | AR2: mayo 2018 | AT2: junio 2018 | AV2: julio 2018 | AX2: agosto 2018 | AZ2: septiembre 2018 | BB2: octubre 2018 | BD2: noviembre 2018 | BF2: diciembre 2018 | BH2: enero 2019 | BJ2: febrero 2019 | BL2: marzo 2019 | BN2: 43556 | BP2: 43586 | BR2: 43617 | BT2: 43647 | BV2: 43678 | BX2: 43709 | BZ2: 43739 | CB2: 43770 | CD2: 43800
B3: Cantidad del producto | C3: Precio total | D3: Cantidad del producto | E3: Precio total | F3: Cantidad del producto | G3: Precio total | H3: Cantidad del producto | I3: Precio total | J3: Cantidad del producto | K3: Precio total | L3: Cantidad del producto | M3: Precio total | N3: Cantidad del producto | O3: Precio total | P3: Cantidad del producto | Q3: Precio total | R3: Cantidad del producto | S3: Precio total | T3: Cantidad del producto | U3: Precio total | V3: Cantidad del producto | W3: Precio total | X3: Cantidad del producto | Y3: Precio total | Z3: Cantidad del producto | AA3: Precio total | AB3: Cantidad del producto | AC3: Precio total | AD3: Cantidad del producto | AE3: Precio total | AF3: Cantidad del producto | AG3: Precio total | AH3: Cantidad del producto | AI3: Precio total | AJ3: Cantidad del producto | AK3: Precio total | AL3: Cantidad del producto | AM3: Precio total | AN3: Cantidad del producto | AO3: Precio total | AP3: Cantidad del producto | AQ3: Precio total | AR3: Cantidad del producto | AS3: Precio total | AT3: Cantidad del producto | AU3: Precio total | AV3: Cantidad del producto | AW3: Precio total | AX3: Cantidad del producto | AY3: Precio total | AZ3: Cantidad del producto | BA3: Precio total | BB3: Cantidad del producto | BC3: Precio total | BD3: Cantidad del producto | BE3: Precio total | BF3: Cantidad del producto | BG3: Precio total | BH3: Cantidad del producto | BI3: Precio total | BJ3: Cantidad del producto | BK3: Precio total | BL3: Cantidad del producto | BM3: Precio total | BN3: Cantidad del producto | BO3: Precio total | BP3: Cantidad del producto | BQ3: Precio total | BR3: Cantidad del producto | BS3: Precio total | BT3: Cantidad del producto | BU3: Precio total | BV3: Cantidad del producto | BW3: Precio total | BX3: Cantidad del producto | BY3: Precio total | BZ3: Cantidad del producto | CA3: Precio total | CB3: Cantidad del producto | CC3: Precio total | CD3: Cantidad del producto | CE3: Precio total
A4: Total | B4: 201 | C4: 1422.1 | D4: 513 | E4: 3668.24 | F4: 590 | G4: 4058.85 | H4: 551 | I4: 3955.06 | J4: 735 | K4: 5532.64 | L4: 660 | M4: 5180.53 | N4: 754 | O4: 5641.52 | P4: 915 | Q4: 6614.5 | R4: 871 | S4: 6211.32 | T4: 973 | U4: 7026.89 | V4: 1043 | W4: 7565.66 | X4: 984 | Y4: 7086.76 | Z4: 993 | AA4: 7228.73 | AB4: 1193 | AC4: 8719.94 | AD4: 1132 | AE4: 8122.34 | AF4: 1050 | AG4: 7529.16 | AH4: 1148 | AI4: 8534.71 | AJ4: 1220 | AK4: 9222.78 | AL4: 952 | AM4: 7190.76 | AN4: 1437 | AO4: 10720.02 | AP4: 1312 | AQ4: 9953.1 | AR4: 1313 | AS4: 9843.92 | AT4: 1375 | AU4: 10254.66 | AV4: 1239 | AW4: 9242.8 | AX4: 1218 | AY4: 9222.6 | AZ4: 1291 | BA4: 9587.32 | BB4: 1214 | BC4: 8947.08 | BD4: 1335 | BE4: 9921.86 | BF4: 1349 | BG4: 10039.24 | BH4: 1200 | BI4: 10500 | BJ4: 1400 | BK4: 10800 | BL4: 950 | BM4: 11600 | BO4: 11400
A5: Albacete | B5: 201 | C5: 1422.1 | D5: 513 | E5: 3668.24 | F5: 590 | G5: 4058.85 | H5: 551 | I5: 3955.06 | J5: 735 | K5: 5532.64 | L5: 660 | M5: 5180.53 | N5: 754 | O5: 5641.52 | P5: 915 | Q5: 6614.5 | R5: 871 | S5: 6211.32 | T5: 975 | U5: 7028.49 | V5: 1043 | W5: 7565.66 | X5: 984 | Y5: 7086.76 | Z5: 993 | AA5: 7228.73 | AB5: 1193 | AC5: 8719.94 | AD5: 1132 | AE5: 8122.34 | AF5: 1050 | AG5: 7529.16 | AH5: 1148 | AI5: 8534.71 | AJ5: 1220 | AK5: 9222.78 | AL5: 952 | AM5: 7190.76 | AN5: 1437 | AO5: 10720.02 | AP5: 1312 | AQ5: 9953.1 | AR5: 1313 | AS5: 9843.92 | AT5: 1375 | AU5: 10254.66 | AV5: 1239 | AW5: 9242.8 | AX5: 1218 | AY5: 9222.6 | AZ5: 1291 | BA5: 9587.32 | BB5: 1214 | BC5: 8947.08 | BD5: 1335 | BE5: 9921.86 | BF5: 1349 | BG5: 10039.24 | BH5: 1117 | BI5: 9658.09 | BJ5: 1339 | BK5: 9997.14 | BL5: 873 | BM5: 10800

Sheet Facturas 19
A1: Referencia | B1: Fecha | C1: Cliente | D1: CIF/NIF del cliente | E1: Email del cliente | F1: Teléfono | G1: Estado | H1: Forma pago | I1: Tipo de vencimiento | J1: Total base | K1: Total impuestos | L1: Total importe | M1: Importe cobrado | N1: Importe restante | O1: Mes
A2: FAC18/00100 | B2: 43131 | C2: Cliente 1 | G2: Cobrada | H2: Transferencia bancaria | I2: Al contado | J2: 290 | K2: 20.3 | L2: =J2+K2 -> 310.3 | M2: 310.3 | N2: =L2-M2 -> 0 | O2: =TEXT(B2,"mmmmmmmmmmmmmm") -> enero
A3: FAC18/00099 | B3: 43131 | C3: Cliente 2 | G3: Parcialmente cobrada | H3: Transferencia bancaria | I3: Al contado | J3: 1170 | K3: 81.9 | L3: =J3+K3 -> 1251.9 | M3: 1201.9 | N3: =L3-M3 -> 50 | O3: =TEXT(B3,"mmmmmmmmmmmmmm") -> enero
A4: FAC18/00098 | B4: 43131 | C4: Cliente 3 | G4: Pendiente | H4: Transferencia bancaria | I4: Al contado | J4: 60 | K4: 4.2 | L4: =J4+K4 -> 64.2 | M4: 0 | N4: =L4-M4 -> 64.2 | O4: =TEXT(B4,"mmmmmmmmmmmmmm") -> enero
A5: FAC18/00097 | B5: 43131 | C5: Cliente 4 | G5: Pendiente | H5: Transferencia bancaria | I5: Al contado | J5: 440 | K5: 30.8 | L5: =J5+K5 -> 470.8 | M5: 0 | N5: =L5-M5 -> 470.8 | O5: =TEXT(B5,"mmmmmmmmmmmmmm") -> enero
A6: FAC18/00096 | B6: 43131 | C6: Cliente 5 | G6: Parcialmente cobrada | H6: Transferencia bancaria | I6: Al contado | J6: 560 | K6: 39.2 | L6: =J6+K6 -> 599.2 | M6: 360 | N6: =L6-M6 -> 239.2 | O6: =TEXT(B6,"mmmmmmmmmmmmmm") -> enero
A7: FAC18/00095 | B7: 43131 | C7: Cliente 6 | G7: Cobrada | H7: Transferencia bancaria | I7: Al contado | J7: 1049 | K7: 73.43 | L7: =J7+K7 -> 1122.43 | M7: 1122.43 | N7: =L7-M7 -> 0 | O7: =TEXT(B7,"mmmmmmmmmmmmmm") -> enero
A8: FAC18/00094 | B8: 43130 | C8: Cliente 7 | G8: Pendiente | H8: Transferencia bancaria | I8: Al contado | J8: 135 | K8: 9.45 | L8: =J8+K8 -> 144.45 | M8: 0 | N8: =L8-M8 -> 144.45 | O8: =TEXT(B8,"mmmmmmmmmmmmmm") -> enero
A9: FAC18/00093 | B9: 43126 | C9: Cliente 8 | G9: Cobrada | H9: Transferencia bancaria | I9: Al contado | J9: 180 | K9: 12.6 | L9: =J9+K9 -> 192.6 | M9: 192.6 | N9: =L9-M9 -> 0 | O9: =TEXT(B9,"mmmmmmmmmmmmmm") -> enero
A10: FAC18/00092 | B10: 43125 | C10: Cliente 9 | G10: Pendiente | H10: Transferencia bancaria | I10: Al contado | J10: 30 | K10: 2.1 | L10: =J10+K10 -> 32.1 | M10: 0 | N10: =L10-M10 -> 32.1 | O10: =TEXT(B10,"mmmmmmmmmmmmmm") -> enero
A11: FAC18/00091 | B11: 43125 | C11: Cliente 10 | G11: Pendiente | H11: Transferencia bancaria | I11: Al contado | J11: 1512 | K11: 105.84 | L11: =J11+K11 -> 1617.84 | M11: 0 | N11: =L11-M11 -> 1617.84 | O11: =TEXT(B11,"mmmmmmmmmmmmmm") -> enero
A12: FAC18/00090 | B12: 43125 | C12: Cliente 11 | G12: Pendiente | H12: Transferencia bancaria | I12: Al contado | J12: 390 | K12: 27.3 | L12: =J12+K12 -> 417.3 | M12: 0 | N12: =L12-M12 -> 417.3 | O12: =TEXT(B12,"mmmmmmmmmmmmmm") -> enero
A13: FAC18/00089 | B13: 43125 | C13: Cliente 12 | G13: Pendiente | H13: Transferencia bancaria | I13: Al contado | J13: 90 | K13: 6.3 | L13: =J13+K13 -> 96.3 | M13: 0 | N13: =L13-M13 -> 96.3 | O13: =TEXT(B13,"mmmmmmmmmmmmmm") -> enero
... A287: FAC18/00088 | B287: 43459 | C287: Cliente 22 | G287: Pendiente | H287: Transferencia bancaria | I287: Al contado | J287: 270 | K287: 18.9 | L287: =J287+K287 -> 288.9 | M287: 0 | N287: =L287-M287 -> 288.9 | O287: =TEXT(B287,"mmmmmmmmmmmmmm") -> diciembre

Sheet Gastos
C1: 2018 | P1: 2019
A2: GASTOS | B2: ANUAL | C2: ENERO | D2: FEBRERO | E2: MARZO | F2: ABRIL | G2: MAYO | H2: JUNIO | I2: JULIO | J2: AGOSTO | K2: SEPTIEMBRE | L2: OCTUBRE | M2: NOVIEMBRE | N2: DICIEMBRE | P2: ANUAL | Q2: ENERO | R2: FEBRERO | S2: MARZO | T2: ABRIL | U2: MAYO | V2: JUNIO | W2: JULIO | X2: AGOSTO | Y2: SEPTIEMBRE | Z2: OCTUBRE | AA2: NOVIEMBRE | AB2: DICIEMBRE
A3: Alquiler local | C3: 664 | D3: 664 | E3: 664 | F3: 664 | G3: 664 | H3: 664 | I3: 664 | J3: 664 | K3: 664 | L3: 664 | M3: 664 | N3: 664 | Q3: 678.34 | R3: 678.34 | S3: 678.34 | T3: 678.34
A4: Publicidad | C4: 121 | D4: 121 | E4: 121 | F4: 121 | G4: 180 | H4: 121 | I4: 121 | J4: 121 | K4: 121 | L4: 121 | M4: 121 | N4: 121 | Q4: 121 | R4: 121 | S4: 121 | T4: 121
A5: Préstamo | C5: 562 | D5: 562 | E5: 562 | F5: 562 | G5: 562 | H5: 562 | I5: 562 | J5: 562 | K5: 562 | L5: 562 | M5: 562 | N5: 562 | Q5: 562.3 | R5: 562.3 | S5: 562.3 | T5: 562.3
A6: Renting Coche | C6: 0 | D6: 0 | E6: 0 | F6: 0 | G6: 0 | H6: 0 | I6: 0 | J6: 0 | K6: 0 | L6: 0 | M6: 0 | N6: 0 | Q6: 0 | R6: 0 | S6: 1200 | T6: 561.12
A7: Canon franquicia | C7: 363 | D7: 363 | E7: 363 | F7: 363 | G7: 363 | H7: 363 | I7: 363 | J7: 363 | K7: 363 | L7: 363 | M7: 363 | N7: 363 | Q7: 363 | R7: 363 | S7: 363 | T7: 363
A8: Nóminas | C8: 2879 | D8: 3025 | E8: 3800 | F8: 3800 | G8: 3875 | H8: 3875 | I8: 3875 | J8: 4000 | K8: 4050 | L8: 4086 | M8: 4300 | N8: 4100 | Q8: 3918 | R8: 3918 | S8: 4444 | T8: 4450
A9: Seguridad Social | C9: 892 | D9: 893 | E9: 893 | F9: 1228 | G9: 1306 | H9: 1309 | I9: 1308 | J9: 1500 | K9: 1393 | L9: 1472 | M9: 1335 | N9: 1580 | Q9: 1387.72 | R9: 1500 | S9: 1350.74 | T9: 1500
A10: Autónomo | C10: 358 | D10: 358 | E10: 358 | F10: 358 | G10: 358 | H10: 358 | I10: 358 | J10: 358 | K10: 358 | L10: 358 | M10: 358 | N10: 358 | Q10: 364.22 | R10: 364.22 | S10: 364.22 | T10: 364.22
A11: Electricidad | C11: 112 | D11: 77 | E11: 92 | F11: 70 | G11: 103 | H11: 76 | I11: 79 | J11: 90 | K11: 138 | L11: 86 | M11: 78 | N11: 109 | Q11: 138.81 | R11: 200.76 | S11: 138.81 | T11: 140
A12: Teléfono+ internet | C12: 44 | D12: 44 | E12: 44 | F12: 44 | G12: 44 | H12: 44 | I12: 44 | J12: 44 | K12: 44 | L12: 44 | M12: 44 | N12: 44 | Q12: 133.87 | R12: 42.35 | S12: 43.67 | T12: 42.35
A13: Agua | C13: 87 | D13: 0 | E13: 0 | F13: 89 | G13: 0 | H13: 0 | I13: 97 | J13: 0 | K13: 0 | L13: 93 | M13: 0 | N13: 0 | Q13: 93.25 | R13: 0 | S13: 0 | T13: 97.5
A14: Prensa | C14: 11 | D14: 11 | E14: 11 | F14: 11 | G14: 11 | H14: 11 | I14: 11 | J14: 11 | K14: 11 | L14: 11 | M14: 11 | N14: 11 | Q14: 11 | R14: 11 | S14: 11 | T14: 11
... A17: Gestoría | C17: 145 | D17: 145 | E17: 145 | F17: 145 | G17: 145 | H17: 145 | I17: 145 | J17: 145 | K17: 145 | L17: 145 | M17: 145 | N17: 145 | Q17: 150 | R17: 150 | S17: 150 | T17: 150
A18: Seguro Local | B18: 320 | C18: =$P$18/12 -> 26.666667 | D18: =$P$18/12 -> 26.666667 | E18: =$P$18/12 -> 26.666667 | F18: =$P$18/12 -> 26.666667 | G18: =$P$18/12 -> 26.666667 | H18: =$P$18/12 -> 26.666667 | I18: =$P$18/12 -> 26.666667 | J18: =$P$18/12 -> 26.666667 | ... N18: =$P$18/12 -> 26.666667 | P18: 320 | Q18: =$P$18/12 -> 26.666667 | R18: =$P$18/12 -> 26.666667 | S18: =$P$18/12 -> 26.666667 | T18: =$P$18/12 -> 26.666667
A19: Prevevención | B19: 287 | C19: =$B$19/12 -> 23.916667 | D19: =$B$19/12 -> 23.916667 | E19: =$B$19/12 -> 23.916667 | F19: =$B$19/12 -> 23.916667 | G19: =$B$19/12 -> 23.916667 | H19: =$B$19/12 -> 23.916667 | I19: =$B$19/12 -> 23.916667 | J19: =$B$19/12 -> 23.916667 | ... N19: =$B$19/12 -> 23.916667 | P19: 290 | Q19: =$P$19/12 -> 24.166667 | R19: =$P$19/12 -> 24.166667 | S19: =$P$19/12 -> 24.166667 | T19: =$P$19/12 -> 24.166667
A20: Protección datos | B20: 250 | C20: =$P$20/12 -> 20.833333 | D20: =$P$20/12 -> 20.833333 | E20: =$P$20/12 -> 20.833333 | F20: =$P$20/12 -> 20.833333 | G20: =$P$20/12 -> 20.833333 | H20: =$P$20/12 -> 20.833333 | I20: =$P$20/12 -> 20.833333 | J20: =$P$20/12 -> 20.833333 | ... N20: =$P$20/12 -> 20.833333 | P20: 250 | Q20: =$P$20/12 -> 20.833333 | R20: =$P$20/12 -> 20.833333 | S20: =$P$20/12 -> 20.833333 | T20: =$P$20/12 -> 20.833333
A21: Trimestre IVA | C21: 3500 | E21: 0 | F21: 3770 | H21: 0 | I21: 4100 | K21: 0 | L21: 3600 | N21: 0 | Q21: 3845 | T21: 3800 | V21: 1360 | Y21: 1360 | AB21: 1360
A22: Varios | I22: 1159 | N22: 172
A24: TOTAL | C24: =SUM(C3:C23) -> 10526.417 | D24: =SUM(D3:D23) -> 6369.4167 | E24: =SUM(E3:E23) -> 7734.4167 | F24: =SUM(F3:F23) -> 12271.417 | G24: =SUM(G3:G23) -> 8347.4167 | H24: =SUM(H3:H23) -> 8150.4167 | I24: =SUM(I3:I23) -> 13334.417 | J24: =SUM(J3:J23) -> 7964.4167 | ... N24: =SUM(N3:N23) -> 9082.4167 | Q24: =SUM(Q3:Q23) -> 12379.177 | R24: =SUM(R3:R23) -> 9514.6367 | S24: =SUM(S3:S23) -> 10103.747 | T24: =SUM(T3:T23) -> 13397.497 | U24: =SUM(U3:U23) -> 0 | V24: =SUM(V3:V23) -> 1360 | W24: =SUM(W3:W23) -> 0 | X24: =SUM(X3:X23) -> 0 | ... AB24: =SUM(AB3:AB23) -> 1360

Sheet Gastos 19
A1: Tipo | B1: Concepto | C1: Proveedor | D1: Fecha | E1: Mes | F1: Importe
A2: Coste Personal | D2: 43101 | E2: =TEXT(D2,"mmmmmmmmmmmmm") -> enero | F2: 5000
A3: Compras | D3: 43102 | E3: =TEXT(D3,"mmmmmmmmmmmmm") -> enero | F3: 500
A4: Compras | D4: 43103 | E4: =TEXT(D4,"mmmmmmmmmmmmm") -> enero | F4: 1000
A5: Suministros | D5: 43104 | E5: =TEXT(D5,"mmmmmmmmmmmmm") -> enero | F5: 80
A6: Suministros | D6: 43105 | E6: =TEXT(D6,"mmmmmmmmmmmmm") -> enero | F6: 60
A7: Mantenimiento | D7: 43106 | E7: =TEXT(D7,"mmmmmmmmmmmmm") -> enero | F7: 40
A8: Serv Externalizados | D8: 43107 | E8: =TEXT(D8,"mmmmmmmmmmmmm") -> enero | F8: 100
A9: Serv Externalizados | D9: 43108 | E9: =TEXT(D9,"mmmmmmmmmmmmm") -> enero | F9: 500
A10: Otros Gastos | D10: 43108 | E10: =TEXT(D10,"mmmmmmmmmmmmm") -> enero | F10: 50
A11: Otros Gastos | D11: 43108 | E11: =TEXT(D11,"mmmmmmmmmmmmm") -> enero | F11: 300
A12: Coste Personal | D12: 43133 | E12: =TEXT(D12,"mmmmmmmmmmmmm") -> febrero | F12: 4500
A13: Compras | D13: 43133 | E13: =TEXT(D13,"mmmmmmmmmmmmm") -> febrero | F13: 300
... A121: Otros Gastos | D121: 43442 | E121: =TEXT(D121,"mmmmmmmmmmmmm") -> diciembre | F121: 500
